 Dungeon Crawl Stone Soup version 0.23.2 (webtiles) character file.

Game seed: 156384514595815878

2060 poirepourri the Thaumaturge (level 9, -9/45 HPs)
             Began as a Deep Elf Conjurer on Apr 2, 2019.
             Mangled by a hog (13 damage)
             ... on level 7 of the Dungeon.
             The game lasted 00:12:09 (7331 turns).

poirepourri the Thaumaturge (Deep Elf Conjurer)     Turns: 7331, Time: 00:12:09

Health: -9/45      AC:  6    Str:  5    XL:     9   Next: 5%
Magic:  25/25      EV: 18    Int: 24    God:
Gold:   210        SH:  0    Dex: 15    Spells: 10/28 levels left

rFire    . . .     SeeInvis .   b - +3 short sword (flame)
rCold    . . .     Gourm    .   (no shield)
rNeg     . . .     Faith    .   a - +0 robe
rPois    .         Spirit   .   (no helmet)
rElec    .         Reflect  .   c - +2 cloak
rCorr    .         Harm     .   m - +0 pair of gloves
MR       .....                  (no boots)
Stlth    ++........             r - amulet of regeneration
HPRegen  0.55/turn              i - +2 ring of evasion
MPRegen  0.19/turn              q - +3 ring of evasion

@: no status effects
A: no striking features
a: no special abilities


You were on level 7 of the Dungeon.
You were not hungry.

You visited 1 branch of the dungeon, and saw 6 of its levels.

You collected 260 gold pieces.
You spent 50 gold pieces at shops.

Inventory:

Hand Weapons
 b - a +3 short sword of flaming (weapon)
Missiles
 f - 11 javelins (quivered)
Armour
 a - a +0 robe (worn)
 c - a +2 cloak (worn)
 m - a +0 pair of gloves (worn)
Jewellery
 i - a +2 ring of evasion (left hand)
 q - a +3 ring of evasion (right hand)
 r - an amulet of regeneration (around neck)
Wands
 l - a wand of random effects (10)
Scrolls
 e - a scroll of fear {unknown}
 n - a scroll of teleportation
 s - a scroll of remove curse
 t - 4 scrolls of identify
Potions
 d - a potion of brilliance
 g - a potion of mutation {unknown}
 h - a potion of might {unknown}
 j - a potion of magic {unknown}
 k - a potion of degeneration {unknown}
 p - a potion of haste {unknown}
 u - a potion of curing {unknown}
Comestibles
 v - a ration


   Skills:
 - Level 2.4 Dodging
 - Level 2.4 Stealth
 + Level 10.3 Spellcasting
 - Level 7.2 Conjurations
 - Level 8.1 Evocations


You had 10 spell levels left.
You knew the following spells:

 Your Spells              Type           Power        Failure   Level  Hunger
a - Magic Dart            Conj           ####         1%          1    None
b - Searing Ray           Conj           #####.       1%          2    None
c - Dazzling Spray        Conj/Hex       ####..       3%          3    None
d - Iskenderun's Mystic   Conj           #####...     2%          4    #......
e - Force Lance           Conj/Tloc      ####....     12%         4    #......
f - Fulminant Prism       Conj/Hex       ####......   12%         4    #......

Your spell library contained the following spells:

 Spells                   Type           Power        Failure   Level  Hunger


Dungeon Overview and Level Annotations

Branches:
Dungeon (7/15)
 Temple: D:4-7

Altars:
Nemelex Xobeh
The Shining One

Shops:
D:7 *


Message History

Okay, then.
You feel much better. The hog bites you. The yak gores you.
The hog barely misses you. The hog bites you.
You hit the hog. You burn the hog.
The hog is lightly wounded.
The hog completely misses you. The yak closely misses you.
The hog closely misses you. The hog misses you. The yak gores you!
You closely miss the hog.
The hog is lightly wounded.
The hog closely misses you. The hog completely misses you. The yak gores you!
Okay, then.
As you read the scroll of teleportation, it crumbles to dust.
You feel strangely unstable. The hog completely misses you.
The hog closely misses you. x2; The yak gores you!
* * * LOW HITPOINT WARNING * * *
Okay, then.
As you read the scroll of teleportation, it crumbles to dust.
You feel strangely stable. The hog barely misses you.
The hog completely misses you. The hog bites you!
You die...

............###.......#...#....##
.........[#######.#...#.#.#.#....
.............#.######.#.....##..#
......).##...).## #.....#####....
..........<##...###...#.##.....##
............###...o...###....#.#
...........## ##.......###..####
...........#########..###########
...#.....####..#@h#...#.#.#...#.#
...##..#....#..#hY#.....#...#...#
...###.##.#.#..'..#.###...#.#.#..
...#.#....# #..#..#####...#.#.#..
..........###..#..# #...#...#...#
...........######'###.#.#.#...#.#
...........#..........###########
.[.........#.).....##...#
...................#....#


You could see a yak and 2 hogs.

Vanquished Creatures
  Grinder (D:6)
  A yak (D:7)
  A human (D:7)
  2 sky beasts
  An orc warrior (D:6)
  2 ogres
  3 centaurs
  2 bullfrogs (D:7)
  A crimson imp (D:6)
  2 hounds (D:6)
  4 orc priests
  8 orc wizards
  A centaur skeleton (D:7)
  Ijyb (D:3)
  2 worker ants
  A hound skeleton (D:4)
  4 gnolls (D:2)
  5 adders
  An ooze (D:1)
  7 worms
  3 dart slugs
  7 leopard geckos
  17 orcs
  3 giant cockroaches
  9 goblins
  9 hobgoblins
  21 jackals
  8 kobolds
  5 quokkas
  2 ball pythons (D:1)
  8 bats
  4 frilled lizards
  5 rats
151 creatures vanquished.

Vanquished Creatures (others)
  2 fulminant prisms
  A plant (D:4)
3 creatures vanquished.

Grand Total: 154 creatures vanquished

Notes
Turn   | Place    | Note
-------+----------+-------------------------------------------
     0 | D:1      | poirepourri the Deep Elf Conjurer began the quest for the
                  | Orb.
     0 | D:1      | Reached XP level 1. HP: 10/10 MP: 6/6
   325 | D:1      | Reached skill level 4 in Spellcasting
   325 | D:1      | Reached XP level 2. HP: 15/15 MP: 6/9
   351 | D:1      | Learned a level 2 spell: Searing Ray
   564 | D:1      | Reached XP level 3. HP: 19/19 MP: 8/11
   567 | D:1      | Reached skill level 5 in Spellcasting
   572 | D:1      | Learned a level 3 spell: Dazzling Spray
   872 | D:2      | Reached skill level 6 in Spellcasting
   872 | D:2      | Reached XP level 4. HP: 24/24 MP: 1/14
   983 | D:2      | Learned a level 4 spell: Iskenderun's Mystic Blast
   988 | D:2      | Learned a level 4 spell: Force Lance
  1393 | D:2      | Reached skill level 7 in Spellcasting
  1796 | D:3      | Reached XP level 5. HP: 23/28 MP: 7/16
  2090 | D:2      | Learned a level 4 spell: Fulminant Prism
  2267 | D:3      | Reached skill level 8 in Spellcasting
  2397 | D:3      | Found a glowing golden altar of the Shining One.
  2530 | D:3      | Reached XP level 6. HP: 19/32 MP: 2/19
  3085 | D:3      | Noticed Ijyb
  3092 | D:3      | Killed Ijyb
  3092 | D:3      | Reached skill level 9 in Spellcasting
  4097 | D:4      | You fall through a shaft for 2 floors!
  4104 | D:6      | Reached skill level 5 in Conjurations
  4153 | D:6      | Reached XP level 7. HP: 36/36 MP: 14/21
  4253 | D:6      | Noticed Grinder
  4257 | D:6      | Killed Grinder
  5068 | D:6      | Found a sparkling altar of Nemelex Xobeh.
  5115 | D:6      | Reached XP level 8. HP: 41/41 MP: 2/23
  5696 | D:7      | Reached skill level 5 in Evocations
  6164 | D:7      | Found Lokhaf's General Store.
  6407 | D:7      | Bought a potion of heal wounds for 50 gold pieces
  7195 | D:7      | Reached skill level 10 in Spellcasting
  7195 | D:7      | Reached XP level 9. HP: 28/45 MP: 2/25
  7331 | D:7      | Mangled by a hog

Skill      XL: |  1  2  3  4  5  6  7  8 |
---------------+-------------------------+-----
Spellcasting   | 4 6 7 8 9 10 | 10.3
Conjurations   | 5 7 |  7.2
Evocations     | 3 8 |  8.1
Dodging        | |  2.4
Stealth        | |  2.4

Action                   |  1- 3 |  4- 6 |  7- 9 || total
-------------------------+-------+-------+-------++-------
Melee: Short sword       |       |    11 |    38 ||    49
 Cast: Magic Dart        |    53 |    79 |    19 ||   151
       Searing Ray       |     2 |    24 |    10 ||    36
       Iskenderun's Myst |       |    29 |    46 ||    75
       Force Lance       |       |       |     3 ||     3
       Fulminant Prism   |       |       |     2 ||     2
       Dazzling Spray    |       |       |     1 ||     1
Evoke: Wand              |       |       |     1 ||     1
  Use: Scroll            |       |     9 |     5 ||    14
       Potion            |       |       |     3 ||     3
  Eat: Ration            |       |     3 |     4 ||     7
       Chunk             |       |     2 |       ||     2
Armor: Robe              |       |     8 |    12 ||    20
Dodge: Dodged            |     1 |    26 |    75 ||   102
